 Dungeon Crawl Stone Soup version 0.31-a0-232-gb1c03b2570 (webtiles) character file.

Game seed: 6217747839151999302

65 qw the Shooter (level 4, -7/26 HPs)
             Began as a Gargoyle Hexslinger on July 7, 2023.
             Mangled by Sigmund
             ... wielding a +1 heavy scythe
              (12 damage)
             ... on level 3 of the Dungeon.
             The game lasted 00:00:34 (1714 turns).

qw the Shooter (Gargoyle Hexslinger)                Turns: 1714, Time: 00:00:35

Health: -7/26      AC:  6    Str: 12    XL:     4   Next: 14%
Magic:  5/5        EV: 12    Int: 13    God:
Gold:   137        SH:  0    Dex: 14    Spells: 4/5 levels left

rFire   . . .        Y - +0 arbalest (drain)
rCold   . . .        (shield currently unavailable)
rNeg    + . .        c - +0 robe
rPois   inf          f - +0 helmet
rElec   +            (no cloak)
rCorr   .            (no gloves)
SInv    .            (no boots)
Will    .....        (no amulet)
Stlth   +            (no ring)
HPRegen 0.24/turn    (no ring)
MPRegen 0.09/turn

%: no passive effects
@: no status effects
A: sickness immunity, AC +3, negative energy resistance 1, electricity
resistance, torment resistance 1, petrification resistance
a: no special abilities


You were on level 3 of the Dungeon.
You visited 1 branch of the dungeon, and saw 3 of its levels.

You collected 137 gold pieces.


Innate Abilities, Weirdness & Mutations

You are immune to sickness and miasma.
Your stone body is resilient. (AC +3)
You are immune to poison.
You resist negative energy. (rN+)
You are resistant to electric shocks. (rElec)
You are resistant to unholy torment.
You are immune to petrification.


   Skills:
 - Level 2.0 Fighting
 + Level 4.0 Ranged Weapons
 - Level 1.5 Dodging
 - Level 1.0 Spellcasting
 - Level 2.6 Hexes


You had 4 spell levels left.
You knew the following spells:

 Your Spells              Type           Power      Damage    Failure   Level
a - Slow                  Hex            28%        N/A       10%         1

Your spell library contained the following spells:

 Spells                   Type           Power      Damage    Failure   Level
 Inner Flame              Hex/Fire       4%         N/A       43%         3
 Portal Projectile        Hex/Tloc       8%         N/A       43%         3
 Cause Fear               Hex            3%         N/A       67%         4

Inventory:

Hand Weapons
 Y - a +0 arbalest of draining (weapon)
Armour
 c - a +0 robe (worn)
 f - a +0 helmet (worn)
Scrolls
 a - 2 scrolls of identify {unknown}
Potions
 b - a potion of heal wounds
 d - a potion of mutation {unknown}
 e - a potion of enlightenment
 g - a potion of attraction {unknown}
 h - a potion of degeneration {unknown}

Dungeon Overview and Level Annotations

Branches:
Dungeon (3/15)

Altars:

Annotations:
D:3 Sigmund


Message History

You shoot a bolt. The bolt hits the bat.
You kill the bat!
You float gracefully downwards.
Your enlightenment fades.
a - 2 scrolls labelled IBUAJESERI A frilled lizard comes into view.
You shoot a bolt.
The bolt closely misses the frilled lizard.
The frilled lizard hisses angrily.
You shoot a bolt. The bolt hits the frilled lizard!
You kill the frilled lizard!
h - a white potion A giant cockroach comes into view.
Enter note: You shoot a bolt.
The bolt hits the giant cockroach.
You kill the giant cockroach!
You now have 121 gold pieces (gained 16).
Found a spear.
Enter note: A bat comes into view.
Enter note: You shoot a bolt.
The bolt hits the bat!
You kill the bat!
Your Ranged Weapons skill increases to level 4!
You now have 137 gold pieces (gained 16).
Sigmund the Dreaded comes into view.
He is wielding a +1 heavy scythe.
Enter note: You shoot a bolt.
The bolt hits Sigmund!
Sigmund shouts!
Sigmund is moderately wounded.
Sigmund gestures wildly while chanting.
Sigmund flickers and vanishes!
Deactivating autopickup; reactivate with Ctrl-A.
You shoot a bolt. You shoot a bolt. Something hits you!!
Ouch! That really hurt!
You shoot a bolt. Something hits you!
You die...

#. #### . ...
.##..### ......##
.......+ #.....#
#.####...#
#.....@.{#
######.#......
#.# ##### +# #.#
.# ##.## .# #...#
##.##
#...########...##
#...#...........#
#...#.##........#


There were no monsters in sight!

Vanquished Creatures
  Robin (D:2)
  A dart slug (D:1)
  3 endoplasms
  A giant cockroach (D:3)
  8 goblins
  8 hobgoblins
  6 jackals
  3 kobolds
  3 quokkas
  3 bats
  A frilled lizard (D:3)
  6 rats
44 creatures vanquished.

Notes
Turn   | Place    | Note
-------+----------+-------------------------------------------
     0 | D:1      | qw the Gargoyle Hexslinger began the quest for the Orb.
     0 | D:1      | Reached XP level 1. HP: 12/12 MP: 2/2
     0 | D:1      | 0 ||| qw: Version: 0.3-a-46-gb1f654a
     0 | D:1      | 0 ||| qw: Game counter: 2562
     0 | D:1      | 0 ||| qw: Melee chars always use a shield: true
     0 | D:1      | 0 ||| qw: God list: Okawaru
     0 | D:1      | 0 ||| qw: Allow faded altars: false
     0 | D:1      | 0 ||| qw: Do Orc after clearing Dungeon:15 true
     0 | D:1      | 0 ||| qw: Do second Lair branch before Depths: true
     0 | D:1      | 0 ||| qw: Lair rune preference: random
     0 | D:1      | 0 ||| qw: Goals: Normal
     0 | D:1      | 0 ||| PLANNING D:1-11
   129 | D:1      | Reached XP level 2. HP: 14/16 MP: 3/3
   157 | D:1      | 157 ||| SWAPPING to +0 arbalest.
   159 | D:1      | 159 ||| DROPPING +1 sling.
   215 | D:1      | Found a faded altar of an unknown god.
   286 | D:1      | Reached skill level 3 in Ranged Weapons
   611 | D:1      | 611 ||| READING scroll labelled BUEROI EWKYMUE.
   616 | D:1      | 616 ||| READING scroll labelled MAICAQ BIRA.
   617 | D:1      | 617 ||| READING scroll labelled RASEIG HANY.
   618 | D:1      | 618 ||| READING scroll labelled UDDIYD ERAQOU.
   619 | D:1      | 619 ||| READING scroll labelled REOR MOEMUAFF.
   620 | D:1      | 620 ||| DROPPING scroll of poison.
   738 | D:2      | Identified the staff "Cygrimm" {rElec rC+ Int-4 Stlth+ Ice
                  | Earth}
   774 | D:2      | Reached XP level 3. HP: 21/21 MP: 4/4
   792 | D:2      | 792 ||| Stepping ~*~*~tactically~*~*~ (water).
  1363 | D:2      | Noticed Robin
  1371 | D:2      | Killed Robin
  1378 | D:2      | HP: 4/21 [hobgoblin[Robin] (3)]
  1379 | D:2      | 1379 ||| READING scroll of teleportation.
  1379 | D:2      | HP: 1/21 [hobgoblin[Robin] (3)]
  1509 | D:2      | Reached XP level 4. HP: 23/26 MP: 5/5
  1541 | D:2      | 1541 ||| UPGRADING to +0 helmet.
  1546 | D:2      | 1546 ||| READING scroll labelled EHAGIA DUMO.
  1547 | D:2      | 1547 ||| DRINKING 2 golden potions.
  1548 | D:2      | 1548 ||| DRINKING 2 yellow potions.
  1677 | D:3      | Reached skill level 4 in Ranged Weapons
  1710 | D:3      | Noticed Sigmund
  1713 | D:3      | HP: 4/26 [something (22)]
  1714 | D:3      | Mangled by Sigmund

Levels and vault maps discovered:
D:1:      co_arrival_hall_of_pillars, layout_basic, serial_aquarium,
          aquarium_bridge_straight [aquarium_subvault_bridge,
          aquarium_subvault_window, aquarium_subvault_bridge,
          aquarium_subvault_window], aquarium_window_corner, aquarium_window_1,
          aquarium_window_1, aquarium_view_2b, aquarium_view_2b,
          aquarium_pool_double, hellmonk_ecumenical_altar_dog_temple,
          minmay_curled_crystal, serial_bayou_lake_a
D:2:      layout_basic, serial_bayou_lagoon_a, uniq_robin
D:3:      layout_loops_corners, uniq_sigmund, uniq_jessica

Skill      XL: |  1  2  3  4 |
---------------+-------------+-----
Ranged Weapons | 3 4 |  4.0
Fighting       | 2 |  2.0
Dodging        | |  1.5
Spellcasting   | |  1.0
Hexes          | |  2.6

Action                     |  1- 3 |  4- 6 || total
---------------------------+-------+-------++-------
   Fire: Sling             |    18 |       ||    18
         Arbalest          |    76 |    17 ||    93
    Use: Scroll            |     6 |     1 ||     7
         Potion            |       |     2 ||     2
 Armour: Robe              |    29 |       ||    29
  Dodge: Dodged            |    55 |     1 ||    56

Table legend:
 A = Non-vault XP
 B = Vault XP
 C = Vault XP percentage of total XP
 D = Non-vault monster count
 E = Vault monster count
 F = Vault count percentage of total count
                 A         B        C        D         E       F
            +---------+---------+-------+---------+---------+-------
      Total |      54 |      40 |  42.6 |      31 |      13 |  29.5
            +---------+---------+-------+---------+---------+-------
        D:1 |      26 |       4 |  13.3 |      14 |       2 |  12.5
        D:2 |      21 |      36 |  63.2 |      12 |      11 |  47.8
        D:3 |       7 |       0 |   0.0 |       5 |       0 |   0.0
            +---------+---------+-------+---------+---------+-------
